 Dungeon Crawl Stone Soup version 0.29.1-4-g47bece8355 (webtiles) character file.

Game seed: 9522484836057088976

3784 Descartes the Covert (level 9, 0/39 HPs)
             Began as a Spriggan Fire Elementalist on Dec 7, 2022.
             Slain by an orc warrior
             ... wielding a +0 scimitar
              (12 damage)
             ... on level 8 of the Dungeon.
             The game lasted 00:20:52 (13522 turns).

Descartes the Covert (Spriggan Fire Elementalist)  Turns: 13522, Time: 00:20:54

Health: 0/39       AC:  3    Str:  4    XL:     9   Next: 95%
Magic:  10/20      EV: 25    Int: 20    God:
Gold:   1308       SH:  0    Dex: 26    Spells: 15/21 levels left

rFire   + . .      SeeInvis +   u - +2 short sword (protect)
rCold   x . .      Faith    .   (no shield)
rNeg    . . .      Spirit   .   A - +1 robe of the Solemn God {+Blink Regen+ Dex+10 Stlth-}
rPois   .          Reflect  .   (helmet restricted)
rElec   .          Harm     .   (no cloak)
rCorr   .          Rampage  .   (gloves unavailable)
Will    +....                   (boots unavailable)
Stlth   ++++......              (no amulet)
HPRegen 0.93/turn               H - +4 ring of slaying
MPRegen 0.17/turn               o - ring of fire

@: very quick
A: very small, no large weapons, unfitting armour, see invisible, speed 3
a: Evoke Blink


You were on level 8 of the Dungeon.
You visited 2 branches of the dungeon, and saw 9 of its levels.
You also visited: Ossuary.

You collected 1308 gold pieces.

Inventory:

Hand Weapons
 u - a +2 short sword of protection (weapon)
 E - a +0 vampiric rapier
 M - a +3 dagger
Missiles
 y - 42 poisoned darts
 z - 9 boomerangs
 F - a throwing net
 I - 2 curare-tipped darts
 L - 2 silver boomerangs
Armour
 A - the +1 robe of the Solemn God (worn) {+Blink Regen+ Dex+10 Stlth-}
   (You found it on level 5 of the Dungeon)

   Dex:       It affects your dexterity (+10).
   +Blink:    It lets you blink.
   Regen:     It increases your rate of health regeneration.
   Stlth:     It makes you less stealthy.
Jewellery
 o - a ring of fire (right hand)
 D - a +6 ring of intelligence
 H - a +4 ring of slaying (left hand)
Wands
 m - a wand of iceblast (17)
 w - a wand of paralysis (28)
Scrolls
 c - a scroll of amnesia
 g - a scroll of noise {unknown}
 h - a scroll of fear
 k - 3 scrolls of enchant armour
 q - a scroll of fog
 r - a scroll of blinking
 v - 3 scrolls of teleportation
 B - 2 scrolls of immolation {unknown}
 C - 3 scrolls of enchant weapon
 K - a scroll of magic mapping {unknown}
Potions
 b - a potion of magic
 d - 2 potions of mutation {unknown}
 e - 2 potions of resistance {unknown}
 f - 3 potions of berserk rage {unknown}
 i - 4 potions of brilliance {unknown}
 j - a potion of might
 l - 3 potions of haste {unknown}
 n - 4 potions of curing
 p - 6 potions of lignification
 s - 3 potions of cancellation {unknown}
 t - 5 potions of degeneration {unknown}
 x - 4 potions of flight {unknown}
 G - a potion of heal wounds {unknown}
 J - a potion of attraction {unknown}


   Skills:
 + Level 5.7 Short Blades
 + Level 7.7 Dodging
 + Level 8.8 Stealth
 + Level 6.9 Spellcasting
 + Level 4.0 Conjurations
 + Level 5.2 Fire Magic
 + Level 5.2 Poison Magic


You had 15 spell levels left.
You knew the following spells:

 Your Spells              Type           Power      Damage    Failure   Level
a - Foxfire               Conj/Fire      100%       2x1d9     1%          1
b - Scorch                Fire           82%        2d9       1%          2
c - Mephitic Cloud        Conj/Pois/Air  19%        N/A       9%          3

Your spell library contained the following spells:

 Spells                   Type           Power      Damage    Failure   Level
 Magic Dart               Conj           92%        1d7       1%          1
 Conjure Flame            Conj/Fire      38%        6-21      4%          3
 Inner Flame              Hex/Fire       25%        N/A       10%         3
 Call Imp                 Summ           6%         N/A       14%         2
 Ensorcelled Hibernation  Hex/Ice        12%        N/A       14%         2
 Passwall                 Tmut/Erth      5%         N/A       14%         2
 Flame Wave               Conj/Fire      38%        2d10      14%         4
 Ozocubu's Armour         Ice            6%         N/A       28%         3
 Swiftness                Air            6%         N/A       28%         3
 Ozocubu's Refrigeration  Ice            3%         4d8       100%        7


Dungeon Overview and Level Annotations

Branches:
Dungeon (8/15)             Temple (1/1) D:7            Lair (0/5) D:8
Ossuary (visited)

Altars:
Cheibriados
Dithmenos
Fedhas
Hepliaklqana
Kikubaaqudgha
Makhleb
Nemelex Xobeh
Okawaru
Qazlal
Ru
Sif Muna
Uskayaw
Wu Jian
Xom
Zin
The Shining One

Shops:
D:2 (   D:7 *

Annotations:
D:2 Pargi


Innate Abilities, Weirdness & Mutations

You are very small and have problems with some larger weapons.
You are too small for most types of armour.
You have supernaturally acute eyesight. (SInv)
You cover ground extremely quickly. (Speed+++)


Message History

You feel a surge of power!
You conjure some foxfire!
The foxfire hits the orc warrior but does no damage.
The orc warrior is moderately wounded.
Casting: Foxfire (safe; 1% risk of failure)
Confirm with . or Enter, or press ? or * to list all spells.
You feel a surge of power!
You conjure some foxfire!
The foxfire hits the orc warrior.
The orc warrior is heavily wounded.
The foxfire hits the orc warrior.
The orc warrior is heavily wounded.
The foxfire hits the orc warrior but does no damage.
The orc warrior is heavily wounded.
The orc warrior drinks a potion.
The orc warrior seems to grow stronger.
Unknown command.
Casting: Foxfire (safe; 1% risk of failure)
Confirm with . or Enter, or press ? or * to list all spells.
You feel a surge of power!
You conjure some foxfire!
The foxfire hits the orc warrior but does no damage.
The orc warrior is heavily wounded.
The orc warrior hits you with a +0 scimitar!!
Ouch! That really hurt!
* * * LOW HITPOINT WARNING * * *
Unknown command.
Casting: Foxfire (safe; 1% risk of failure)
Confirm with . or Enter, or press ? or * to list all spells.
You feel a surge of power!
You conjure some foxfire!
The foxfire hits the orc warrior but does no damage.
The orc warrior is heavily wounded.
The foxfire hits the orc warrior but does no damage.
The orc warrior is heavily wounded.
The foxfire hits the orc warrior.
The orc warrior is heavily wounded.
The orc warrior completely misses you.
Casting: Foxfire (safe; 1% risk of failure)
Confirm with . or Enter, or press ? or * to list all spells.
You feel a surge of power!
You conjure some foxfire!
The foxfire hits the orc warrior.
The orc warrior is severely wounded.
The orc warrior hits you with a +0 scimitar!
You die...

#.###.##..#.#.##.#.......##.##...
##.#.###>..........))....#.#.#o#.
###.## #..#...##....))).....)....
.)..# #....#.##...>.).#....#...#
##### #...##...#...#.##.#..##.##
#...####.##......###....#
########...####(##)##.##.#..##.#
...............vo)....###.#.##.#
##########.....v@#.##.###.#.##.#
######§v#...........#.#
#..####..........#
#..####........###
#)..........##.# #)############.#
#.# #K# #)# #.# #.# #.#


You could see an orc warrior (strong, ally target).

Vanquished Creatures
  A two-headed ogre (D:8)
  A hornet (D:8)
  2 wraiths (Ossuary)
  A water moccasin (D:5)
  An ice beast (D:7)
  2 sky beasts (D:7)
  2 ogres (D:6)
  A centaur (D:6)
  2 phantoms
  6 kobold brigands
  3 gnoll sergeants
  A necrophage (D:6)
  2 scorpions
  5 wights
  A howler monkey (D:5)
  2 electric eels (D:6)
  2 hounds
  3 orc priests (D:6)
  A jelly (D:6)
  3 iguanas
  4 orc wizards
  11 gnolls
  9 adders
  A shadow imp (D:8)
  2 white imps
  2 ufetubi
  2 adder zombies (Ossuary)
  A worm (D:2)
  10 dart slugs
  29 orcs
  8 ball pythons
  13 endoplasms
  3 giant cockroaches
  7 goblins
  4 hobgoblins
  4 jackals (D:5)
  35 kobolds
  4 quokkas
  4 ball python skeletons (Ossuary)
  5 bats
  2 frilled lizards
  2 hobgoblin zombies (Ossuary)
  An orc skeleton (Ossuary)
  9 rats
214 creatures vanquished.

Vanquished Creatures (collateral kills)
  4 foxfires (D:2)
4 creatures vanquished.

Vanquished Creatures (others)
  1321 foxfires
  11 fungi (D:6)
  5 plants (D:2)
  4 toadstools (D:1)
1341 creatures vanquished.

Grand Total: 1559 creatures vanquished

Notes
Turn   | Place    | Note
-------+----------+-------------------------------------------
     0 | D:1      | Descartes the Spriggan Fire Elementalist began the quest
                  | for the Orb.
     0 | D:1      | Reached XP level 1. HP: 9/9 MP: 5/5
   418 | D:1      | Reached XP level 2. HP: 13/13 MP: 2/6
  1432 | D:2      | Reached skill level 1 in Short Blades
  1432 | D:2      | Reached XP level 3. HP: 16/16 MP: 2/8
  1634 | D:2      | Reached skill level 1 in Conjurations
  1854 | D:2      | Found a faded altar of an unknown god.
  2049 | D:2      | Found Hurgh's Antique Weapon Shop.
  2581 | D:3      | Reached skill level 1 in Poison Magic
  2639 | D:3      | Noticed Pargi
  2854 | D:3      | Reached XP level 4. HP: 10/21 MP: 4/9
  3482 | D:3      | Reached skill level 4 in Stealth
  4819 | D:4      | Reached XP level 5. HP: 24/24 MP: 3/11
  5238 | D:5      | Entered Level 5 of the Dungeon
  5251 | D:5      | Noticed a water moccasin
  5257 | D:5      | Killed a water moccasin
  5385 | D:5      | Reached XP level 6. HP: 13/28 MP: 3/12
  5778 | D:5      | Learned a level 2 spell: Scorch
  5782 | D:5      | Learned a level 3 spell: Mephitic Cloud
  5814 | D:5      | Reached skill level 5 in Stealth
  6130 | D:5      | Identified the -1 barding of Feasting {+Blink rElec rN+}
  6193 | D:5      | Identified the +1 robe of the Solemn God {+Blink Regen+
                  | Dex+10 Stlth-}
  6856 | D:5      | Reached XP level 7. HP: 32/32 MP: 9/14
  8157 | D:6      | Reached skill level 5 in Dodging
  8354 | D:6      | Reached skill level 6 in Stealth
  8390 | D:6      | Identified a scroll of acquirement
  8390 | D:6      | Acquired 814 gold pieces
  8424 | D:6      | Found a sand-covered staircase.
  8429 | Ossuary  | Entered an ossuary
  8802 | Ossuary  | Noticed a wraith
  8802 | Ossuary  | Noticed a flying skull
  8809 | Ossuary  | Noticed a flying skull
  8811 | Ossuary  | Noticed a flying skull
  8824 | Ossuary  | Noticed a flying skull
  8837 | Ossuary  | Noticed a flying skull
  8926 | Ossuary  | Reached XP level 8. HP: 31/36 MP: 11/16
  8986 | Ossuary  | Reached skill level 5 in Spellcasting
  9725 | D:6      | Reached skill level 7 in Stealth
 10766 | D:7      | Reached XP level 9. HP: 39/39 MP: 12/18
 11154 | D:7      | Found Umyble's General Store.
 11162 | D:7      | Found a staircase to the Ecumenical Temple.
 11212 | Temple   | Entered the Ecumenical Temple
 11659 | D:7      | Reached skill level 5 in Short Blades
 12037 | D:8      | Found a staircase to the Lair.
 12123 | D:8      | Noticed a two-headed ogre
 12145 | D:8      | Killed a two-headed ogre
 12146 | D:8      | Reached skill level 8 in Stealth
 12513 | D:8      | Reached skill level 5 in Fire Magic
 12782 | D:8      | Reached skill level 5 in Poison Magic
 13522 | D:8      | Slain by an orc warrior

Illustrated notes

Levels and vault maps discovered:
D:1:      ldierk_walled_garden_2, layout_loops_ring, minmay_misc_feat_plants,
          minmay_misc_feat_pillars, minmay_distorted
D:2:      layout_basic, hellmonk_ecumenical_altar_crossroads, serial_shops,
          shop_fountains, serial_forest, infiniplex_forest_3_way,
          infiniplex_forest_lined_room_3, infiniplex_forest_lined_2,
          infiniplex_forest_clump_cross, infiniplex_forest_end_1,
          infiniplex_forest_end_1, infiniplex_forest_3_way,
          infiniplex_forest_end_1
D:3:      layout_basic, minmay_misc_feat_tower, st_stairs_4,
          hangedman_glass_teeth, grunt_ministairs_7, uniq_pargi
D:4:      layout_loops_cross, nicolae_elevator_lobby_plus
D:5:      layout_basic
D:6:      kennysheep_slugbush, layout_loops_ring, serial_aquarium,
          aquarium_bridge_square [aquarium_subvault_wall,
          aquarium_subvault_window, aquarium_subvault_bridge,
          aquarium_subvault_wall], aquarium_window_3, aquarium_window_2,
          aquarium_window_1, aquarium_view_2c, enter_ossuary_5,
          nrook_pool_corridor
D:7:      layout_cave_pools, minmay_temple_entry_mini_moons, serial_shops,
          nicolae_shop_crystal
D:8:      layout_loops_ring, lair_entry_dummy
Temple:   eino_temple_scatter_basement

Skill      XL: |  1  2  3  4  5  6  7  8  9 |
---------------+----------------------------+-----
Dodging        | 3 4 5 6 7 |  7.7
Short Blades   | 1 2 3 4 5 |  5.7
Conjurations   | 1 2 3 4 |  4.0
Spellcasting   | 3 4 5 6 |  6.9
Poison Magic   | 1 2 3 4 5 |  5.2
Stealth        | 4 5 6 7 8 |  8.8
Fire Magic     | 3 4 5 |  5.2

Action                   |  1- 3 |  4- 6 |  7- 9 || total
-------------------------+-------+-------+-------++-------
Melee: Short sword       |       |       |     4 ||     4
 Cast: Foxfire           |   108 |   221 |   460 ||   789
  Use: Scroll            |       |       |    13 ||    13
       Potion            |       |       |     1 ||     1
 Stab: Sleeping          |       |       |     2 ||     2
Armor: Robe              |       |       |    11 ||    11
Dodge: Dodged            |    12 |    22 |    85 ||   119
